 Dungeon Crawl Stone Soup version 0.25-a0-577-ga4619f409e (webtiles) character file.

Game seed: 6060228934684592258, levelgen mode: deterministic

585 kae the Sneak (level 7, -6/36 HPs)
             Began as a Vampire Enchanter on Mar 2, 2020.
             Was a Follower of Dithmenos.
             Mangled by a gnoll
             ... wielding a +0 spear
              (8 damage)
             ... on level 5 of the Dungeon.
             The game lasted 00:04:42 (3612 turns).

kae the Sneak (Vampire Enchanter)                   Turns: 3612, Time: 00:04:43

Health: -6/36      AC:  2    Str:  9    XL:     7   Next: 14%
Magic:  0/12       EV: 13    Int: 18    God:    Dithmenos [*.....]
Gold:   191        SH:  0    Dex: 17    Spells: 7/13 levels left

rFire    . . .     SeeInvis +   a - +1 dagger
rCold    + + .     Gourm    .   (no shield)
rNeg     + + +     Faith    .   b - +0 robe
rPois    ∞         Spirit   .   (no helmet)
rElec    .         Reflect  .   (no cloak)
rCorr    .         Harm     .   (no gloves)
MR       .....     Rnd*Tele +   (no boots)
Stlth    +++++++...             j - amulet of regeneration
HPRegen  0.00/turn              f - +3 ring of dexterity
MPRegen  0.13/turn              p - ring of teleportation (curse)

@: bloodless, wreathed by umbra
A: no food, fangs 3, see invisible, unbreathing
a: Bat Form, Revivify, Renounce Religion


You were on level 5 of the Dungeon.
You worshipped Dithmenos.
Dithmenos was aware of your devotion.
You were bloodless.

You visited 1 branch of the dungeon, and saw 5 of its levels.

You collected 191 gold pieces.

Inventory:

Hand Weapons
 a - a +1 dagger (weapon)
Armour
 b - a +0 robe (worn)
Jewellery
 f - a +3 ring of dexterity (left hand)
 j - an amulet of regeneration (around neck)
 n - a +3 ring of protection
 p - a cursed ring of teleportation (right hand)
Scrolls
 d - a scroll of identify
 i - a scroll of amnesia
 k - a scroll of magic mapping {unknown}
Potions
 c - a potion of magic
 e - 2 potions of flight
 g - a potion of berserk rage
 h - 2 potions of degeneration
 l - a potion of haste
 m - 3 potions of stabbing


   Skills:
 * Level 5.3 Short Blades
 - Level 2.1 Dodging
 + Level 6.8 Stealth
 + Level 3.6 Spellcasting
 + Level 6.6 Hexes


You had 7 spell levels left.
You knew the following spells:

 Your Spells              Type           Power        Failure   Level  Hunger
a - Corona                Hex            ####...      1%          1    N/A
b - Ensorcelled Hibernat  Hex/Ice        ###...       6%          2    N/A
c - Confusing Touch       Hex            ####....     3%          3    N/A

Your spell library contained the following spells:

 Spells                   Type           Power        Failure   Level  Hunger
 Tukima's Dance           Hex            ####....     3%          3    N/A
 Dazzling Flash           Conj/Hex       ###...       12%         3    N/A

Dungeon Overview and Level Annotations

Branches:
Dungeon (5/15)             Temple (0/1) D:5

Altars:
Ashenzari
Dithmenos
Hepliaklqana
Okawaru

Shops:
D:4 :


Innate Abilities, Weirdness & Mutations

You do not eat.
You do not regenerate when monsters are visible.
You are frail without blood (-20% HP).
You can heal yourself when you bite living creatures.
You are immune to poison.
You have razor-sharp teeth.
You have supernaturally acute eyesight. (SInv)
You can survive without breathing.


Message History

Confirm with . or Enter, or press ? or * to list all spells.
You don't have enough magic to cast that spell.
Casting: Ensorcelled Hibernation (safe; 6% risk of failure)
Confirm with . or Enter, or press ? or * to list all spells.
You don't have enough magic to cast that spell.
Casting: Ensorcelled Hibernation (safe; 6% risk of failure)
Confirm with . or Enter, or press ? or * to list all spells.
You don't have enough magic to cast that spell.
Casting: Ensorcelled Hibernation (safe; 6% risk of failure)
Confirm with . or Enter, or press ? or * to list all spells.
Aiming: Ensorcelled Hibernation (safe; 6% risk of failure)
Press: ? - help, Shift-Dir - straight line, f/p - gnoll
Aim: a gnoll, wielding a -1 spear (chance to defeat MR: 54%)
The gnoll looks drowsy...
The gnoll closely misses you. The gnoll hits you with a +0 spear.
The gnoll hits you with a cursed -1 spear!
* * * LOW HITPOINT WARNING * * *
The gnoll shouts!
The gnoll hits you from afar with a +0 spear!
You die...

##+## #.... #######...# #...
#.....#...# #... #.....#(..#
#...# ###.....#...# #....
........#...# #....
#.....#...# #.... #.....#...#
#.... #...@.##.########....
#...g.##)##.......... ......
###.g.g#.#..#..⌠..#.. ...!.
##...#...##.....##. #....
##..#..##..#.#..## ...
#....##..##.##..# ...
#..#....##...##..
#<############..#..⌠....>....⌠
#.##........##.......##...##..


You could see 3 gnolls.

Vanquished Creatures
  A water moccasin skeleton (D:4)
  A howler monkey (D:5)
  A crimson imp (D:4)
  A gnoll shaman (D:5)
  3 orc wizards
  An orc priest (D:4)
  2 hounds (D:4)
  A jelly (D:4)
  3 worker ants
  5 gnolls
  4 adders
  An ooze (D:3)
  2 worms
  A dart slug (D:3)
  2 leopard geckos
  12 orcs
  3 bats
  A giant cockroach (D:2)
  4 goblins
  7 hobgoblins
  9 jackals
  A quokka (D:3)
  5 frilled lizards
  2 kobolds
  A quokka zombie (D:4)
  4 rats
78 creatures vanquished.

Notes
Turn   | Place    | Note
-------+----------+-------------------------------------------
     0 | D:1      | kae the Vampire Enchanter began the quest for the Orb.
     0 | D:1      | Reached XP level 1. HP: 13/13 MP: 3/3
    88 | D:1      | Reached XP level 2. HP: 14/19 MP: 5/5
   110 | D:1      | Learned a level 2 spell: Ensorcelled Hibernation
   343 | D:1      | You fall into a shaft and drop 1 floor!
  1075 | D:2      | Reached XP level 3. HP: 24/24 MP: 6/6
  1080 | D:2      | Learned a level 3 spell: Confusing Touch
  1234 | D:2      | Found a hazy altar of Hepliaklqana.
  1477 | D:3      | Reached skill level 5 in Stealth
  1484 | D:3      | Reached skill level 5 in Hexes
  1547 | D:3      | Found a shadowy altar of Dithmenos.
  1566 | D:3      | Reached XP level 4. HP: 22/30 MP: 0/7
  1622 | D:3      | Became a worshipper of Dithmenos the Shadowed
  1636 | D:3      | Found a shattered altar of Ashenzari.
  2454 | D:4      | Reached XP level 5. HP: 30/35 MP: 4/9
  2655 | D:4      | Reached * piety under Dithmenos
  2785 | D:4      | Reached XP level 6. HP: 32/41 MP: 1/10
  3194 | D:4      | Found an iron altar of Okawaru.
  3197 | D:4      | Found Wuyruth's Book Emporium.
  3251 | D:4      | Reached skill level 5 in Short Blades
  3352 | D:5      | Entered Level 5 of the Dungeon
  3396 | D:5      | Found a staircase to the Ecumenical Temple.
  3440 | D:5      | Reached XP level 7. HP: 36/36 MP: 9/12
  3612 | D:5      | Mangled by a gnoll

Levels and vault maps discovered:
D:1:      dpeg_arrival_simpleton_a, layout_loops_ring
D:2:      layout_basic, nicolae_overflow_crystal_walls
D:3:      layout_basic, old_standard_altar, ashenzari_conservatory_becter,
          dk_noncrumbling_3, chequers_serial_rivers_micro_a,
          kennysheep_minor_cross
D:4:      layout_basic, okawaru_metal_pillars_1_2, serial_shops, kennysheep_mini
D:5:      layout_basic, chequers_temple_overflow_minitemple,
          lemuel_coloured_pillars_altar, minmay_temple_entry_waves, first_ration

Skill      XL: |  1  2  3  4  5  6 |
---------------+-------------------+-----
Short Blades   | 2 3 4 5 |  5.3
Stealth        | 5 6 |  6.8
Hexes          | 5 6 |  6.6
Spellcasting   | 3 |  3.6
Dodging        | |  2.1

Action                   |  1- 3 |  4- 6 |  7- 9 || total
-------------------------+-------+-------+-------++-------
Melee: Dagger            |    93 |   110 |    24 ||   227
       Bite              |     7 |    11 |     1 ||    19
 Cast: Ensorcelled Hiber |    13 |    35 |    14 ||    62
       Corona            |     1 |     1 |       ||     2
       Confusing Touch   |       |     2 |       ||     2
 Abil: Exsanguinate      |       |     1 |       ||     1
  Use: Scroll            |     2 |     9 |       ||    11
       Potion            |     1 |       |       ||     1
 Stab: Sleeping          |    14 |    27 |     3 ||    44
       Confused          |       |     1 |       ||     1
       Distracted        |       |     1 |       ||     1
Armor: Robe              |    18 |    12 |     1 ||    31
Dodge: Dodged            |    55 |    67 |    18 ||   140

Table legend:
 A = Non-vault XP
 B = Vault XP
 C = Vault XP percentage of total XP
 D = Non-vault monster count
 E = Vault monster count
 F = Vault count percentage of total count
                 A         B        C        D         E       F
            +---------+---------+-------+---------+---------+-------
      Total |     836 |       0 |   0.0 |      78 |       0 |   0.0
            +---------+---------+-------+---------+---------+-------
        D:1 |      34 |       0 |   0.0 |      18 |       0 |   0.0
        D:2 |      10 |       0 |   0.0 |       6 |       0 |   0.0
        D:3 |     116 |       0 |   0.0 |      21 |       0 |   0.0
        D:4 |     517 |       0 |   0.0 |      25 |       0 |   0.0
        D:5 |     159 |       0 |   0.0 |       8 |       0 |   0.0
            +---------+---------+-------+---------+---------+-------
